 Dungeon Crawl Stone Soup version 0.23-a0-130-g0e7800e (webtiles) character file.

44 Kikal the Ruffian (level 3, -2/29 HPs)
             Began as a Mummy Monk on Aug 27, 2018.
             Slain by an adder (4 damage)
             ... on level 2 of the Dungeon.
             The game lasted 00:05:19 (1580 turns).

Kikal the Ruffian (Mummy Monk)                      Turns: 1580, Time: 00:05:20

Health: -2/29      AC:  3    Str: 15    XL:     3   Next: 39%
Magic:  3/3        EV: 12    Int:  9    God:
Gold:   29         SH:  0    Dex: 14    Spells: 2/2 levels left

rFire    . . .     SeeInvis .     - Unarmed
rCold    + . .     Gourm    .   (no shield)
rNeg     + + +     Faith    .   g - +0 leather armour
rPois    ∞         Spirit   .   (no helmet)
rElec    .         Reflect  .   (no cloak)
rCorr    .         Harm     .   (no gloves)
MR       .....                  (no boots)
Stlth    ++........             (no amulet)
HPRegen  0.09/turn              b - ring of protection from fire
MPRegen  0.08/turn              (no ring)

@: no status effects
A: no food or potions, fire vulnerability, cold resistance 1, negative energy
resistance 3, torment resistance, unbreathing
a: no special abilities


You were on level 2 of the Dungeon.
You were not hungry.

You visited 1 branch of the dungeon, and saw 2 of its levels.

You collected 29 gold pieces.

Inventory:

Missiles
 f - 64 stones (quivered)
Armour
 a - a +0 robe
 g - a +0 leather armour (worn)
Jewellery
 b - a ring of protection from fire (left hand)
Scrolls
 c - a scroll of magic mapping {unknown}
 e - a scroll of identify {unknown}
 h - a scroll of blinking {unknown}


   Skills:
 - Level 3.0 Fighting
 - Level 2.4 Dodging
 - Level 1.5 Stealth
 + Level 3.7 Unarmed Combat


You had 2 spell levels left.
You didn't know any spells.
Your spell library was empty.

Dungeon Overview and Level Annotations

Branches:
Dungeon (2/15)

Altars:


Innate Abilities, Weirdness & Mutations

You do not eat or drink.
Your flesh is vulnerable to fire.
You are immune to poison.
Your flesh is cold resistant. (rC+)
You are immune to negative energy. (rN+++)
You are immune to unholy pain and torment.
You can survive without breathing.


Message History

* * * LOW HITPOINT WARNING * * *
You take 2 damage, and have 7/29 hp.
You closely miss the adder. The adder bites you but does no damage.
The adder bites you.
* * * LOW HITPOINT WARNING * * *
You take 1 damage, and have 6/29 hp.
You miss the adder. The adder barely misses you.
You hit the adder. The adder barely misses you.
You completely miss the adder. The adder misses you.
You closely miss the adder. You punch the adder, but do no damage.
The adder barely misses you.
You miss the adder. The adder closely misses you. The adder bites you.
* * * LOW HITPOINT WARNING * * *
You take 5 damage, and have 2/29 hp.
You barely miss the adder. The adder misses you.
You can't drink.
As you read the scroll labeled ZIROWA SYDEDGH, it crumbles to dust.
It is a scroll of amnesia.
You feel forgetful for a moment. The adder bites you.
You die...

+...##.# #......... #
#...##.# #......... ##.
#...##.###.........
....##...##.............
......#.................
........###.####.#####..
##..###..#### #.#
#.?..†..#######.#####..
...........S@..<........
##..###..#.#####)####.#.
#. ##.#.# #.# .. ..#.#
#.# # ##.#.# #.. #.#.#
### #.#.# ....#


You could see an adder.

Vanquished Creatures
  An adder (D:2)
  A dart slug (D:1)
  3 giant cockroaches (D:1)
  4 goblins
  6 hobgoblins (D:1)
  2 jackals (D:1)
  6 kobolds (D:1)
  2 bats (D:1)
  A frilled lizard (D:1)
  4 rats
30 creatures vanquished.

Notes
Turn   | Place    | Note
-------+----------+-------------------------------------------
     0 | D:1      | Kikal the Mummy Monk began the quest for the Orb.
     0 | D:1      | Reached XP level 1. HP: 18/18 MP: 1/1
   421 | D:1      | Reached XP level 2. HP: 24/24 MP: 2/2
   481 | D:1      | Reached skill level 3 in Unarmed Combat
  1127 | D:1      | Reached XP level 3. HP: 25/29 MP: 3/3
  1580 | D:2      | Slain by an adder

Vault maps used:
D:1:      dpeg_arrival_connections
D:2:      makhleb_grotto_becter, marbit_many_paths,
          gammafunk_temple_overflow_claw, dk_noncrumbling_4,
          grunt_decor_mini_mirrors

Skill      XL: |  1  2 |
---------------+-------+-----
Unarmed Combat | 3 |  3.7
Fighting       | |  3.0
Dodging        | |  2.4
Stealth        | |  1.5

Action                   || total
-------------------------++-------
Melee: Unarmed           ||   115
       Punch             ||     2
Throw: Stone             ||    15
  Use: Scroll            ||     1
 Stab: Sleeping          ||     4
Armor: Robe              ||     6
       Leather armour    ||     4
Dodge: Dodged            ||    59

Table legend:
 A = Non-vault XP
 B = Vault XP
 C = Vault XP percentage of total XP
 D = Non-vault monster count
 E = Vault monster count
 F = Vault count percentage of total count
                 A         B        C        D         E       F
            +---------+---------+-------+---------+---------+-------
      Total |      63 |       0 |   0.0 |      30 |       0 |   0.0
            +---------+---------+-------+---------+---------+-------
        D:1 |      47 |       0 |   0.0 |      27 |       0 |   0.0
        D:2 |      16 |       0 |   0.0 |       3 |       0 |   0.0
            +---------+---------+-------+---------+---------+-------
